 Dungeon Crawl Stone Soup version 0.28-a0-224-g76b539d98b (webtiles) character file.

Game seed: 9377841553082927085

33 Froggeryz the Sneak (level 3, -2/24 HPs)
             Began as an Octopode Brigand on Aug 21, 2021.
             Slain by Jessica (8 damage)
             ... on level 2 of the Dungeon.
             The game lasted 00:00:55 (1070 turns).

Froggeryz the Sneak (Octopode Brigand)              Turns: 1070, Time: 00:00:55

Health: -2/24      AC:  1    Str: 10    XL:     3   Next: 29%
Magic:  3/3        EV: 12    Int: 13    God:
Gold:   15         SH:  0    Dex: 14    Spells: 2/2 levels left

rFire   . . .      SeeInvis .   a - +2 dagger
rCold   . . .      Faith    .   (no shield)
rNeg    . . .      Spirit   .   (helmet restricted)
rPois   .          Reflect  .   (no amulet)
rElec   .          Harm     .   (no ring)
rCorr   .          Rampage  .   (no ring)
Will    .....                   (no ring)
Stlth   ++++......              (no ring)
HPRegen 0.08/turn               (no ring)
MPRegen 0.08/turn               (no ring)
                                (no ring)
                                (no ring)

@: no status effects
A: almost no armour, amphibious, 8 rings, camouflage 1, gelatinous body 1,
(nimble swimmer 1), tentacles
a: no special abilities


You were on level 2 of the Dungeon.
You visited 1 branch of the dungeon, and saw 2 of its levels.

You collected 15 gold pieces.

Inventory:

Hand Weapons
 a - a +2 dagger (weapon)
Missiles
 b - 8 poisoned darts (quivered)
 c - 9 curare-tipped darts
 i - 41 stones
 k - 13 sling bullets
Scrolls
 d - 2 scrolls of amnesia {unknown}
 e - a scroll of enchant weapon {unknown}
 g - a scroll of fear {unknown}
 h - a scroll of brand weapon {unknown}
 l - a scroll of teleportation {unknown}
Potions
 f - 2 potions of haste {unknown}
 j - a potion of lignification {unknown}


   Skills:
 - Level 2.0 Fighting
 * Level 3.6 Short Blades
 - Level 2.0 Throwing
 - Level 1.0 Dodging
 - Level 5.3 Stealth


You had 2 spell levels left.
You didn't know any spells.
Your spell library was empty.

Dungeon Overview and Level Annotations

Branches:
Dungeon (2/15)

Altars:

Annotations:
D:2 Jessica


Innate Abilities, Weirdness & Mutations

You cannot wear most types of armour.
You are amphibious.
You can wear up to eight rings at the same time.
Your skin changes colour to match your surroundings (Stealth+).
Your rubbery body absorbs attacks. (AC +1, EV +1)
((You are camouflaged near water. (Stealth+)))
You have tentacles for arms and can constrict up to eight enemies at once.


Message History

Done exploring.
No target in view!
No target in view!
Done exploring.
There is a stone staircase leading down here.
You climb downwards.
There is a stone staircase leading up here.
A goblin is nearby!
A goblin is nearby!
The helpless goblin fails to defend itself.
You spit the goblin like a pig!!!
You kill the goblin!
No target in view!
You see here a +0 dagger.
An endoplasm comes into view.
An endoplasm is nearby!
An endoplasm is nearby!
Jessica and a dart slug come into view.
Found a stone staircase leading down.
Jessica shouts!
The endoplasm quivers.
The endoplasm freezes you.
You are frozen.
Jessica gestures at you while chanting. Pain shoots through your body!
You hit the endoplasm.
The endoplasm is severely wounded.
A rat comes into view.
The endoplasm hits you.
You are too injured to fight recklessly!
You are too injured to fight recklessly!
You are too injured to fight recklessly!
You hit the endoplasm.
You kill the endoplasm!
A rat comes into view.
Jessica points at you and mumbles some strange words.
Pain shoots through your body!
* * * LOW HITPOINT WARNING * * *
Jessica hits you with a +0 club!
You die...

.#..#.# #.#
.....
......... #
#.....♣. .#
#...♣r.♣..#
#..♣r.♣..#
#..♣@....#
#...@....#
#........#
##...#..##
#...#.....
#.#.# .....
#.#.^......
#.#........
#.#........
#.#.#.....


You could see Jessica and 2 rats.

Vanquished Creatures
  4 bats (D:1)
  3 endoplasms
  A giant cockroach (D:1)
  5 hobgoblins (D:1)
  3 kobolds (D:1)
  2 quokkas (D:1)
  5 ball pythons (D:1)
  A frilled lizard (D:1)
  4 goblins
  2 rats (D:1)
30 creatures vanquished.

Notes
Turn   | Place    | Note
-------+----------+-------------------------------------------
     0 | D:1      | Froggeryz the Octopode Brigand began the quest for the Orb.
     0 | D:1      | Reached XP level 1. HP: 14/14 MP: 1/1
    10 | D:1      | Noticed a bullfrog
   174 | D:1      | Reached XP level 2. HP: 17/19 MP: 2/2
   741 | D:1      | Reached XP level 3. HP: 23/24 MP: 3/3
  1065 | D:2      | Noticed Jessica
  1070 | D:2      | Slain by Jessica

Illustrated notes

Levels and vault maps discovered:
D:1:      evilmike_arrival_come_back, layout_loops_ring
D:2:      layout_basic, dreamdust_ecumenical_altar_hidden_monk_grotto,
          chequers_garden, minmay_bisected, uniq_jessica

Skill      XL: |  1  2 |
---------------+-------+-----
Short Blades   | 3 |  3.6
Fighting       | |  2.0
Throwing       | |  2.0
Dodging        | |  1.0
Stealth        | |  5.3

Action                   || total
-------------------------++-------
Melee: Dagger            ||    44
       Constrict         ||    10
       Tentacles         ||     9
 Stab: Sleeping          ||    10
       Distracted        ||     1
Armor: Skin              ||     1
Dodge: Dodged            ||    12

Table legend: (Time is in decaauts)
 A = Elapsed time spent in this place.
 B = Non-inter-level travel time spent in this place.
 C = Inter-level travel time spent in this place.
 D = Time resting spent in this place.
 E = Time spent auto-exploring this place.
 F = Levels seen in this place.
 G = Mean time per level.
                   A        B        C        D        E       F      G
               +--------+--------+--------+--------+--------+-----+--------+
         Total |   1062 |    981 |     81 |      0 |    823 |   2 |  531.0 |
       Dungeon |   1062 |    981 |     81 |      0 |    823 |   2 |  531.0 |
               +--------+--------+--------+--------+--------+-----+--------+

Top non-repeatable levels by time:
     D:1: 1049 daAuts
     D:2: 13 daAuts
